 Dungeon Crawl Stone Soup version 0.31-a0-83-gbff143cfd1 (webtiles) character file.

Game seed: 12691937743353033552

32918 Strat the Unseen (level 14, -8/88 HPs)
             Began as a Kobold Brigand on May 24, 2023.
             Was a Believer of Uskayaw.
             Mangled by a seven-headed hydra (13 damage)
             ... on level 4 of the Lair of Beasts.
             The game lasted 00:35:09 (16730 turns).

Strat the Unseen (Kobold Brigand)                  Turns: 16730, Time: 00:35:10

Health: -8/88      AC:  9    Str: 16    XL:     14   Next: 5%
Magic:  25/25      EV: 22    Int: 15    God:    Uskayaw [**....]
Gold:   1919       SH:  0    Dex: 21    Spells: 11/13 levels left

rFire   . . .        a - +7 quick blade "Xytahaa" {flame, rPois Str+2 Int+2}
rCold   . . .        (no shield)
rNeg    . . .        M - +0 steam dragon scales
rPois   +            V - +2 hat {SInv}
rElec   .            c - +0 cloak
rCorr   .            l - +0 pair of gloves
SInv    +            (no boots)
Will    +....        (no amulet)
Stlth   +++++++      f - +4 ring of slaying
HPRegen 0.34/turn    j - +6 ring of strength
MPRegen 0.19/turn

%: no passive effects
@: no status effects
A: small, no large weapons, nightstalker 3
a: Renounce Religion, Stomp, Line Pass


You were on level 4 of the Lair of Beasts.
You worshipped Uskayaw.
Uskayaw was pleased with you.
You visited 3 branches of the dungeon, and saw 16 of its levels.
You also visited: Ossuary.

You collected 1919 gold pieces.

Inventory:

Hand Weapons
 a - the +7 quick blade "Xytahaa" (weapon) {flame, rPois Str+2 Int+2}
   (You acquired it on level 8 of the Dungeon)

   Str:       It affects your strength (+2).
   Int:       It affects your intelligence (+2).
   rPois:     It protects you from poison.
 b - a +5 short sword of protection
 o - a +3 dagger
 P - a +0 dagger of venom
Missiles
 d - 40 poisoned darts (quivered)
 e - 3 curare-tipped darts
 O - 4 throwing nets
 S - 5 boomerangs of dispersal
Armour
 c - a +0 cloak (worn)
 l - a +0 pair of gloves (worn)
 y - a +2 helmet
 F - a +3 leather armour of cold resistance
 L - +0 acid dragon scales
 M - +0 steam dragon scales (worn)
 V - a +2 hat of see invisible (worn)
Jewellery
 f - a +4 ring of slaying (left hand)
 j - a +6 ring of strength (right hand)
 q - a ring of resist corrosion
 A - a ring of ice
 G - a ring of see invisible
 J - a ring of fire
 U - a ring of positive energy
Wands
 u - a wand of mindburst (10)
 B - a wand of digging (6)
 D - a wand of polymorph (5)
 N - a wand of paralysis (18)
 Q - a wand of flame (15)
Scrolls
 r - a scroll of fear {unknown}
 t - 2 scrolls of identify
 v - 4 scrolls of enchant weapon
 E - 2 scrolls of teleportation
 K - 2 scrolls of magic mapping
 R - 2 scrolls of poison
 T - a scroll of fog
Potions
 g - 2 potions of cancellation
 h - 3 potions of enlightenment
 i - 6 potions of brilliance
 k - 7 potions of lignification
 n - 6 potions of attraction
 p - 2 potions of berserk rage
 s - 2 potions of haste
 w - 6 potions of curing
 z - a potion of magic
 H - 2 potions of might
 I - a potion of resistance
Miscellaneous
 m - a phantom mirror


   Skills:
 - Level 10.0 Fighting
 - Level 10.0 Short Blades
 - Level 2.1 Throwing
 - Level 10.0 Dodging
 - Level 15.0 Stealth
 + Level 4.7 Hexes
 - Level 15.0 Invocations
 + Level 5.7 Evocations


You had 11 spell levels left.
You knew the following spells:

 Your Spells              Type           Power      Damage    Failure   Level
a - Ensorcelled Hibernat  Hex/Ice        14%        N/A       16%         2

Your spell library contained the following spells:

 Spells                   Type           Power      Damage    Failure   Level
 Tukima's Dance           Hex            14%        N/A       12%         3
 Beastly Appendage        Tmut           0%         N/A       26%         1
 Lesser Beckoning         Tloc           0%         N/A       38%         2
 Passwall                 Tmut/Erth      0%         N/A       38%         2
 Wereblood                Tmut           0%         N/A       38%         2
 Gell's Gravitas          Tloc           0%         N/A       63%         3
 Ignite Poison            Fire/Tmut/Pois 0%         N/A       63%         3
 Spider Form              Tmut/Pois      0%         N/A       63%         3
 Swiftness                Air            0%         N/A       63%         3
 Teleport Other           Tloc           0%         N/A       63%         3
 Passage of Golubria      Tloc           0%         N/A       95%         4
 Sticky Flame             Conj/Fire      0%         2d3       95%         4
 Yara's Violent Unravell  Hex/Tmut       3%         3d4       96%         5
 Ignition                 Fire           0%         3d3       100%        8


Dungeon Overview and Level Annotations

Branches:
Dungeon (11/15)            Temple (1/1) D:7            Lair (4/5) D:9
  Snake (0/4) Lair:2        Slime (0/5) Lair:4          Orc (0/2) D:9
Ossuary (visited)
  Swamp: Lair:2-3    Shoals: Lair:2-3

Altars:
Ashenzari
Cheibriados
Dithmenos
Elyvilon
Fedhas
Gozag
Hepliaklqana
Kikubaaqudgha
Makhleb
Nemelex Xobeh
Okawaru
Qazlal
Ru
Sif Muna
Trog
Uskayaw
Vehumet
Wu Jian
Xom
Yredelemnul
Zin
The Shining One

Shops:
D:1 :[:   D:2 =   D:5 :   D:6 [

Portals:
Ice
Cave: Lair:4

Annotations:
D:4 3 runed translucent doors, Dowan; Duvessa; Liamsmithers's ghost, amateur DrBe


Innate Abilities, Weirdness & Mutations

You are small and have problems with some larger weapons.
You are completely attuned to the shadows.


Message History

You puncture the seven-headed hydra! You burn the seven-headed hydra.
The seven-headed hydra is moderately wounded.
The grasping roots constrict the seven-headed hydra!
The roots release their grip on the seven-headed hydra.
The seven-headed hydra misses you.
The seven-headed hydra completely misses you.
The seven-headed hydra misses you. The seven-headed hydra bites you!
* * * LOW HITPOINT WARNING * * *
The seven-headed hydra bites you but does no damage.
The seven-headed hydra bites you.
* * * LOW HITPOINT WARNING * * *
The seven-headed hydra bites you.
* * * LOW HITPOINT WARNING * * *
You puncture the seven-headed hydra! You burn the seven-headed hydra.
You hit the seven-headed hydra. You burn the seven-headed hydra.
The seven-headed hydra is severely wounded.
The seven-headed hydra completely misses you.
The seven-headed hydra bites you!
* * * LOW HITPOINT WARNING * * *
The seven-headed hydra misses you.
The seven-headed hydra barely misses you.
The seven-headed hydra completely misses you.
The seven-headed hydra closely misses you. x2
You can now pass through a line of other dancers.
The blink frog gives a loud, deep croak!
You hit the seven-headed hydra but do no damage.
You hit the seven-headed hydra. You burn the seven-headed hydra.
The seven-headed hydra is severely wounded.
You puncture the seven-headed hydra! You burn the seven-headed hydra.
You hit the seven-headed hydra. You burn the seven-headed hydra.
The seven-headed hydra is almost dead.
The seven-headed hydra bites you!
* * * LOW HITPOINT WARNING * * *
The seven-headed hydra bites you!
* * * LOW HITPOINT WARNING * * *
The seven-headed hydra misses you. x2; The seven-headed hydra bites you!
* * * LOW HITPOINT WARNING * * *
The seven-headed hydra bites you but does no damage.
The seven-headed hydra bites you!
You die...

........................
....?...................
......................†.
...................†...†
.....)..#......##.....†.
...P#.####.##......#....
......#..#.###.#P.......
....lFD....##...........
......#@................
...#..##...............
...............#P##..###...
........##..#.#.###...P# #..
.............#.....### ##..## #..
....................### #...#####
....................†.###..#..⌠.#
...........###P#....PPP#...#.....
..........## ####...........⌠.>..


You could see a seven-headed hydra, a basilisk and a blink frog.

Vanquished Creatures
  Gastronok (Lair:2)
  2 hydras
  Harold (D:10)
  2 two-headed ogres (D:9)
  Erica (Lair:2)
  6 death yaks
  A manticore (D:11)
  A black mamba (Lair:1)
  Joseph (D:9)
  4 cane toads
  Maggie (D:10)
  An unseen horror zombie (D:8)
  6 komodo dragons
  4 rime drakes
  Psyche (D:9)
  2 trolls
  A hornet (D:10)
  13 blink frogs
  2 polar bears
  A tyrant leech (Lair:1)
  2 shadows
  A vampire (D:10)
  Sigmund (D:2)
  4 wyverns
  40 yaks
  A slime creature (D:7)
  A wraith (D:7)
  A basilisk (Lair:4)
  3 steam dragons
  2 swamp worms (Lair:1)
  Edmund (D:6)
  An acid dragon (D:7)
  9 water moccasins
  2 orc warriors
  4 sky beasts
  2 ice beasts (D:6)
  2 black bears
  24 wolves
  A centaur (D:8)
  A phantom (D:7)
  2 kobold brigands
  12 bullfrogs
  An elf zombie (Ossuary)
  A wyvern zombie (D:8)
  An elf skeleton (D:5)
  A gnoll sergeant (D:8)
  12 wights
  6 killer bees
  5 centaur zombies
  2 hounds
  4 jellies
  2 sleepcaps
  12 orc priests
  A human zombie (D:5)
  A gnoll bouda (D:6)
  7 orc wizards
  A human skeleton (D:5)
  An iguana (D:5)
  3 killer bee zombies (D:8)
  A mummy (Ossuary)
  2 howler monkey zombies (D:8)
  15 gnolls
  7 adders
  2 shadow imps (D:5)
  2 white imps (D:6)
  2 worms
  2 dart slugs (D:1)
  30 orcs
  5 endoplasms
  5 giant cockroaches
  8 goblins
  11 hobgoblins
  9 jackals
  2 quokkas (D:1)
  6 ball pythons
  7 bats
  7 frilled lizards
  A goblin zombie (Ossuary)
  10 hobgoblin zombies (Ossuary)
  14 kobolds
  8 kobold zombies (Ossuary)
  An orc skeleton (D:5)
  9 orc zombies
  3 rats
  3 rat zombies (Ossuary)
  A butterfly (Lair:1)
403 creatures vanquished.

Vanquished Creatures (others)
  An orc (D:8)
1 creature vanquished.

Grand Total: 404 creatures vanquished

Notes
Turn   | Place    | Note
-------+----------+-------------------------------------------
     0 | D:1      | Strat the Kobold Brigand began the quest for the Orb.
     0 | D:1      | Reached XP level 1. HP: 12/12 MP: 1/1
    28 | D:1      | Found Juporen's Book Shoppe.
   173 | D:1      | Reached XP level 2. HP: 17/17 MP: 2/2
   324 | D:1      | Reached XP level 3. HP: 22/22 MP: 3/3
   448 | D:1      | Found Otaefuax's Book Boutique.
   772 | D:1      | Found Zavosal's Armour Boutique.
  1041 | D:2      | Noticed Sigmund
  1045 | D:2      | Killed Sigmund
  1046 | D:2      | Reached skill level 5 in Short Blades
  1046 | D:2      | Reached XP level 4. HP: 28/28 MP: 4/4
  1046 | D:2      | Reached XP level 5. HP: 32/32 MP: 5/5
  1046 | D:2      | Reached XP level 6. HP: 37/37 MP: 6/6
  1550 | D:2      | Found Bubufol's Jewellery Boutique.
  2068 | D:3      | Found a hazy altar of Hepliaklqana.
  2068 | D:3      | Found a white marble altar of Elyvilon.
  2074 | D:3      | Found a snail-covered altar of Cheibriados.
  2081 | D:3      | Found a burning altar of Makhleb.
  2087 | D:3      | Found a shimmering blue altar of Sif Muna.
  2092 | D:3      | Found a sacrificial altar of Ru.
  2763 | D:4      | Noticed Duvessa
  2857 | D:4      | Noticed an ogre
  3121 | D:4      | Reached XP level 7. HP: 41/41 MP: 7/7
  3302 | D:4      | Found a runed translucent gate.
  3303 | D:4      | Found a runed translucent gate.
  3304 | D:4      | Found a runed translucent gate.
  3304 | D:4      | Noticed Liamsmithers's ghost (amateur DrBe)
  3584 | D:4      | Noticed Dowan
  3944 | D:5      | Entered Level 5 of the Dungeon
  4152 | D:5      | Found a sand-covered staircase.
  4157 | Ossuary  | Entered an ossuary
  4483 | Ossuary  | Reached XP level 8. HP: 31/48 MP: 8/8
  4756 | D:5      | Identified the +4 hand axe "Qohonuts" {protect, +Blink rC+
                  | SInv}
  5300 | D:5      | Found Ceiczac's Vocational Training.
  5558 | D:6      | Noticed Edmund
  5647 | D:6      | Reached skill level 10 in Stealth
  5685 | D:6      | Reached skill level 5 in Fighting
  5685 | D:6      | Reached skill level 5 in Dodging
  5685 | D:6      | Reached XP level 9. HP: 16/54 MP: 9/9
  5900 | D:6      | Killed Edmund
  6324 | D:6      | Found Xiaj Egakiq's Armour Shoppe.
  6450 | D:6      | Reached skill level 10 in Short Blades
  7056 | D:7      | Found a staircase to the Ecumenical Temple.
  7222 | Temple   | Entered the Ecumenical Temple
  7264 | Temple   | Became a worshipper of Uskayaw the Reveller
  7390 | D:7      | Reached * piety under Uskayaw
  7396 | D:7      | Reached ** piety under Uskayaw
  7712 | D:6      | Reached XP level 10. HP: 21/63 MP: 10/10
  8854 | D:8      | Reached *** piety under Uskayaw
  8860 | D:8      | Reached **** piety under Uskayaw
  8867 | D:8      | Reached ***** piety under Uskayaw
  9061 | D:8      | Identified 2 scrolls of acquirement
  9061 | D:8      | Acquired the +7 quick blade "Xytahaa" {flame, rPois Str+2
                  | Int+2}
  9063 | D:8      | Acquired 883 gold pieces
  9254 | D:8      | Reached skill level 10 in Dodging
  9516 | D:8      | Reached skill level 10 in Fighting
  9664 | D:9      | Noticed a two-headed ogre
  9698 | D:9      | Noticed a death yak
  9701 | D:9      | Noticed Psyche
  9711 | D:9      | Reached skill level 1 in Invocations
  9769 | D:9      | Killed Psyche
  9770 | D:9      | Reached XP level 11. HP: 68/72 MP: 9/13
  9828 | D:9      | Found a staircase to the Lair.
  9885 | D:9      | Killed a two-headed ogre
  9886 | D:9      | Reached skill level 5 in Invocations
  9984 | D:9      | Noticed a two-headed ogre
  9987 | D:9      | Killed a two-headed ogre
 10045 | D:9      | Found a staircase to the Orcish Mines.
 10084 | D:9      | Noticed a death yak
 10441 | D:9      | Noticed a death yak
 10444 | D:9      | Noticed Joseph
 10448 | D:9      | Killed Joseph
 10504 | D:9      | Killed a death yak
 10539 | D:9      | Killed a death yak
 10545 | D:9      | Killed a death yak
 10550 | D:9      | Reached ****** piety under Uskayaw
 10551 | D:9      | Reached skill level 10 in Invocations
 10706 | D:10     | Entered Level 10 of the Dungeon
 10726 | D:10     | Noticed Harold
 10727 | D:10     | Noticed Maggie
 10729 | D:10     | Killed Maggie
 10731 | D:10     | Killed Harold
 10732 | D:10     | Reached XP level 12. HP: 77/77 MP: 19/19
 10825 | D:10     | Identified the +6 scale mail of the Shrike {-Tele Fly rElec
                  | rPois rC+}
 11003 | D:10     | Noticed a two-headed ogre
 11531 | D:11     | Learned a level 2 spell: Ensorcelled Hibernation
 11747 | D:11     | Noticed a skeletal warrior
 11748 | D:11     | Noticed a skeletal warrior
 11815 | Lair:1   | Entered Level 1 of the Lair of Beasts
 13115 | Lair:2   | Noticed a five-headed hydra
 13232 | Lair:2   | Reached XP level 13. HP: 75/82 MP: 22/22
 13273 | Lair:2   | Found a staircase to the Snake Pit.
 13496 | Lair:2   | Noticed Erica
 13508 | Lair:2   | Killed Erica
 13633 | Lair:2   | Noticed Gastronok
 13644 | Lair:2   | Killed Gastronok
 13645 | Lair:2   | Reached skill level 15 in Stealth
 13825 | Lair:2   | Noticed a five-headed hydra
 14401 | Lair:2   | Identified the +10 falchion of Duty {protect, rCorr Dex+3}
 14499 | Lair:2   | Killed a five-headed hydra
 15323 | Lair:3   | Reached skill level 1 in Evocations
 15338 | Lair:3   | Reached skill level 1 in Hexes
 15395 | Lair:3   | Identified the +10 sling of the Exiled Ultimatums {drain,
                  | MP-9 Str+3 Dex+2}
 15568 | Lair:3   | Identified the +8 lajatang "Vouf" {antimagic, rC+++ rCorr
                  | Str+3 Int-3}
 15568 | Lair:3   | Noticed an eight-headed hydra
 15572 | Lair:3   | HP: 3/82 [eight-headed hydra (10)]
 15905 | Lair:3   | Identified the +1 arbalest "Killer Klown's Foe" {penet,
                  | +Blink Stlth+}
 15934 | Lair:3   | Reached skill level 15 in Invocations
 16221 | Lair:3   | Killed an eight-headed hydra
 16493 | Lair:4   | Found a staircase to the Slime Pits.
 16499 | Lair:4   | Reached skill level 5 in Evocations
 16522 | Lair:4   | Found a frozen archway.
 16670 | Lair:4   | Reached XP level 14. HP: 88/88 MP: 25/25
 16730 | Lair:4   | Mangled by a seven-headed hydra

Illustrated notes

Levels and vault maps discovered:
D:1:      minmay_arrival_doors, layout_loops_ring, serial_shops, shop, shop,
          nicolae_shop_back_alley_shop, dreamdust_princess_corridor
D:2:      layout_basic, serial_shops, nicolae_shop_advertising_works
          [nicolae_subvault_shop_adworks], minivault_27, minmay_circle_x,
          uniq_sigmund
D:3:      layout_basic, minmay_overflow_temple_hex
D:4:      layout_loops_corners, ebering_ghost_rock_garden, kennysheep_nub,
          uniq_duvessa
D:5:      layout_cave_pools, nicolae_ossuary_entry_catacombs,
          nicolae_shop_vocational
D:6:      layout_rooms, serial_shops, nicolae_shop_competitors_out_of_business,
          uniq_edmund
D:7:      minmay_cornered_nines, layout_basic, temple_hall
D:8:      layout_rooms, serial_undead, serial_undead_b, serial_undead_f,
          serial_undead_b, serial_undead_a
D:9:      layout_rooms, dpeg_lair_monsters, orc_0_dummy, minmay_misc_feat_room,
          uniq_psyche, uniq_joseph
D:10:     layout_loops_ring, uniq_harold, uniq_maggie
D:11:     layout_irregular_city, uniq_sonja
Temple:   lightli_temple_of_artemis
Lair:1:   layout_small_grid, worms_lemuel, lemuel_fruit_fields
Lair:2:   layout_regular_city, dummy_snake_entry, serial_bayou_pond_a,
          lemuel_fruit_tree, grunt_megastairs_3, uniq_erica, uniq_gastronok
Lair:3:   layout_regular_city, palyth_hydra_swamp_entry,
          infiniplex_staircase_pool
Lair:4:   layout_gridlike, nicolae_slime_entry_field_trip,
          portal_ice_cave_entry_pillars_1, pdpol_lair_cabin_in_the_woods,
          grunt_megastairs_2

Skill      XL: |  1  2  3  4  5  6  7  8  9 10 11 12 13 |
---------------+----------------------------------------+-----
Short Blades   | 3 5 6 8 10 | 10.0
Stealth        | 7 8 10 14 15 | 15.0
Fighting       | 3 4 5 7 10 | 10.0
Dodging        | 2 3 5 7 10 | 10.0
Invocations    | 3 10 12 15 | 15.0
Evocations     | 5 |  5.7
Hexes          | 4 |  4.7
Throwing       | |  2.1

Action                     |  1- 3 |  4- 6 |  7- 9 | 10-12 | 13-15 || total
---------------------------+-------+-------+-------+-------+-------++-------
  Melee: Dagger            |    52 |   108 |   402 |    94 |       ||   656
         Punch             |       |     1 |     1 |     8 |     2 ||    12
         Quick blade       |       |       |       |   394 |   294 ||   688
         Unarmed           |       |       |       |    18 |       ||    18
         Short sword       |       |       |       |    11 |       ||    11
  Evoke: Wand              |       |       |     2 |     2 |    10 ||    14
    Use: Scroll            |       |    12 |     1 |    14 |     4 ||    31
         Potion            |       |       |       |     1 |     1 ||     2
   Stab: Sleeping          |    19 |    16 |    28 |    27 |    21 ||   111
         Distracted        |       |     1 |     8 |     3 |       ||    12
         Paralysed         |       |       |       |    26 |    11 ||    37
 Armour: Robe              |     5 |    21 |    77 |     3 |       ||   106
         Steam dragon scal |       |       |       |    34 |    39 ||    73
         Acid dragon scale |       |       |       |     3 |       ||     3
  Dodge: Dodged            |    19 |    66 |   258 |   258 |   210 ||   811

Table legend: (Time is in decaauts)
 A = Elapsed time spent in this place.
 B = Non-inter-level travel time spent in this place.
 C = Inter-level travel time spent in this place.
 D = Time resting spent in this place.
 E = Time spent auto-exploring this place.
 F = Levels seen in this place.
 G = Mean time per level.
                   A        B        C        D        E       F      G
               +--------+--------+--------+--------+--------+-----+--------+
         Total |  16389 |  15809 |    580 |   2285 |  10097 |  17 |  964.1 |
       Dungeon |  10988 |  10563 |    425 |   1466 |   6768 |  11 |  998.9 |
        Temple |     62 |     43 |     19 |      0 |     13 |   1 |   62.0 |
          Lair |   4864 |   4730 |    134 |    804 |   3106 |   4 | 1216.0 |
       Ossuary |    474 |    474 |      0 |     15 |    210 |   1 |  474.0 |
               +--------+--------+--------+--------+--------+-----+--------+

Top non-repeatable levels by time:
  Lair:1: 1683 daAuts
     D:7: 1665 daAuts
  Lair:2: 1497 daAuts
     D:4: 1495 daAuts
  Lair:3: 1284 daAuts
     D:8: 1133 daAuts
     D:6: 1046 daAuts
     D:1: 1031 daAuts
     D:9: 994 daAuts
     D:3: 934 daAuts
     D:5: 864 daAuts
     D:2: 764 daAuts
    D:10: 677 daAuts
 Ossuary: 474 daAuts
  Lair:4: 398 daAuts
